 Dungeon Crawl Stone Soup version 0.22-a0-757-gdba82d8 (webtiles) character file.

71 Hebeh the Magician (level 4, 0/24 HPs)
             Began as a Deep Elf Fire Elementalist on July 16, 2018.
             Slain by a crimson imp (3 damage)
             ... on level 2 of the Dungeon.
             The game lasted 00:06:13 (2493 turns).

Hebeh the Magician (Deep Elf Fire Elementalist)     Turns: 2493, Time: 00:06:13

Health: 0/24       AC:  2    Str:  5    XL:     4   Next: 5%
Magic:  9/12       EV: 13    Int: 21    God:
Gold:   93         SH:  0    Dex: 15    Spells: 5/11 levels left

rFire    . . .     SeeInvis .   a - +0 dagger
rCold    . . .     Gourm    .   (no shield)
rNeg     . . .     Faith    .   m - +0 robe
rPois    .         Spirit   .   (no helmet)
rElec    .         Reflect  .   (no cloak)
rCorr    .         Harm     .   (no gloves)
MR       .....                  (no boots)
Stlth    ++........             (no amulet)
HPRegen  0.08/turn              (no ring)
MPRegen  0.13/turn              (no ring)

@: no status effects
A: no striking features
a: no special abilities


You were on level 2 of the Dungeon.
You were not hungry.

You visited 1 branch of the dungeon, and saw 3 of its levels.

You collected 93 gold pieces.

Inventory:

Hand Weapons
 a - a +0 dagger (weapon)
 b - a +0 hunting sling
Missiles
 e - 2 stones (quivered)
 g - 27 arrows
Armour
 m - a +0 robe (worn)
Jewellery
 o - an uncursed ring of resist corrosion {unknown}
Scrolls
 d - a scroll of remove curse {unknown}
 f - a scroll of fear {unknown}
 h - 2 scrolls of enchant weapon {unknown}
 k - a scroll of magic mapping {unknown}
 l - a scroll of noise {unknown}
 n - a scroll of blinking {unknown}
 p - 2 scrolls of identify {unknown}
Potions
 i - a potion of agility {unknown}
 j - a potion of flight {unknown}
Comestibles
 c - 6 rations


   Skills:
 - Level 2.4 Dodging
 - Level 2.4 Stealth
 + Level 4.0 Spellcasting
 * Level 3.1 Conjurations
 + Level 3.9 Fire Magic


You had 5 spell levels left.
You knew the following spells:

 Your Spells              Type           Power        Failure   Level  Hunger
a - Flame Tongue          Conj/Fire      ###..        2%          1    None
b - Throw Flame           Conj/Fire      ###...       4%          2    #......
c - Conjure Flame         Conj/Fire      ###.....     9%          3    ###....

Your spell library contained the following spells:

 Spells                   Type           Power        Failure   Level  Hunger
 Fireball                 Conj/Fire      ###.......   61%         5    ######.
 Sticky Flame             Conj/Fire      ###.....     28%         4    ####...
 Inner Flame              Hex/Fire       ##......     16%         3    ###....


Dungeon Overview and Level Annotations

Branches:
Dungeon (3/15)

Altars:


Message History

The crimson imp hits you but does no damage.
You hit the crimson imp.
The crimson imp is lightly wounded.
The crimson imp shouts, "Flee, thou pox-marked onion-eyed maggot-pie!"
The crimson imp hits you.
* * * LOW HITPOINT WARNING * * *
You hit the crimson imp.
The crimson imp is lightly wounded.
The crimson imp misses you.
You barely miss the crimson imp.
The crimson imp blinks!
The crimson imp blinks!
You barely miss the crimson imp. The crimson imp barely misses you.
You hit the crimson imp.
The crimson imp is lightly wounded.
The crimson imp hits you.
* * * LOW HITPOINT WARNING * * *
You completely miss the crimson imp.
The crimson imp is lightly wounded.
The crimson imp hits you.
You die...

#.# ######.##### #.#
#....#.##...
#.########.##.#.##...
#.##>((....(.........
#.##.#####.##.####...
#.##.# #)##.#......
#.##.#####.##.#.#####
#.##5#........#.# #
#.##@#.###.#..#.#####
#.##.#.#<#.#.........
#.##(#.#.#.#....#####
#.##.#...#...........
#.##.###...........##
#......+...........+.
########............#
##########...# #.#.#


You could see a crimson imp.

Vanquished Creatures
  2 adders (D:2)
  An ooze (D:2)
  3 dart slugs (D:1)
  A worm (D:3)
  2 ball pythons
  7 giant cockroaches
  6 goblins
  5 hobgoblins (D:1)
  4 kobolds
  A quokka (D:2)
  3 bats
  A rat (D:2)
36 creatures vanquished.

Notes
Turn   | Place    | Note
-------+----------+-------------------------------------------
     0 | D:1      | Hebeh the Deep Elf Fire Elementalist began the quest for the Orb.
     0 | D:1      | Reached XP level 1. HP: 10/10 MP: 6/6
   145 | D:1      | Reached XP level 2. HP: 15/15 MP: 4/8
   705 | D:1      | Reached XP level 3. HP: 16/19 MP: 10/10
  2150 | D:2      | Learned a level 2 spell: Throw Flame
  2154 | D:2      | Learned a level 3 spell: Conjure Flame
  2167 | D:3      | Reached XP level 4. HP: 12/24 MP: 7/11
  2419 | D:3      | Reached skill level 4 in Spellcasting
  2493 | D:2      | Slain by a crimson imp

Vault maps used:
D:1:      scummos_arrival_checkerplants
D:2:      first_ration, corner_web_ring
D:3:      chequers_ecumenical_altar_simple, nemelex_lonely_heart_becter

Skill      XL: |  1  2  3  4 |
---------------+-------------+-----
Conjurations   | 2 3 |  3.1
Spellcasting   | 4 |  4.0
Dodging        | |  2.4
Stealth        | |  2.4
Fire Magic     | |  3.9

Action                   |  1- 3 |  4- 6 || total
-------------------------+-------+-------++-------
Melee: Dagger            |       |    30 ||    30
 Fire: Hunting sling     |    61 |    11 ||    72
 Cast: Flame Tongue      |    44 |    11 ||    55
  Eat: Chunk             |     2 |       ||     2
       Ration            |     1 |       ||     1
Armor: Robe              |     2 |     4 ||     6
Dodge: Dodged            |    10 |    24 ||    34

Table legend:
 A = Spawn XP
 B = Non-spawn XP
 C = Spawn XP percentage of total XP
 D = Spawn monster count
 E = Non-spawn monster count
 F = Spawn count percentage of total count
 G = Total turns spent on level
                    A         B        C        D         E        F      G
               +---------+---------+-------+---------+---------+-------+---------
         Total |       0 |     102 |   0.0 |       0 |      36 |   0.0 |  2493
               +---------+---------+-------+---------+---------+-------+---------
           D:1 |       0 |      46 |   0.0 |       0 |      21 |   0.0 |   921
           D:2 |       0 |      50 |   0.0 |       0 |      13 |   0.0 |  1296
           D:3 |       0 |       6 |   0.0 |       0 |       2 |   0.0 |   276
               +---------+---------+-------+---------+---------+-------+---------
